 Dungeon Crawl Stone Soup version 0.24.0-123-gd5b16e6ec5 (webtiles) character file.

Game seed: 13816657496080483332, levelgen mode: deterministic

194 Norian the Conjurer (level 5, -8/28 HPs)
             Began as a Deep Elf Conjurer on Dec 24, 2019.
             Mangled by a slave (9 damage)
             ... led by Pikel
             ... on level 5 of the Dungeon.
             The game lasted 00:04:11 (2425 turns).

Norian the Conjurer (Deep Elf Conjurer)             Turns: 2425, Time: 00:04:12

Health: -8/28      AC:  3    Str: 11    XL:     5   Next: 44%
Magic:  1/15       EV: 13    Int: 25    God:
Gold:   140        SH:  0    Dex: 15    Spells: 6/15 levels left

rFire    . . .     SeeInvis .   (no weapon)
rCold    . . .     Gourm    .   (no shield)
rNeg     . . .     Faith    .   a - +0 robe
rPois    .         Spirit   .   (no helmet)
rElec    .         Reflect  .   (no cloak)
rCorr    .         Harm     .   d - +0 pair of gloves
MR       .....                  (no boots)
Stlth    ++........             (no amulet)
HPRegen  0.09/turn              (no ring)
MPRegen  0.14/turn              (no ring)

@: mighty, brilliant
A: no striking features
a: no special abilities


You were on level 5 of the Dungeon.
You were hungry.

You visited 1 branch of the dungeon, and saw 4 of its levels.

You collected 140 gold pieces.

Inventory:

Armour
 a - a +0 robe (worn)
 d - a +0 pair of gloves (worn)
Scrolls
 b - a scroll of fog
 e - a scroll of amnesia
 f - a scroll of random uselessness
 g - 2 scrolls of identify
Comestibles
 c - 6 rations


   Skills:
 - Level 2.4 Dodging
 - Level 2.4 Stealth
 + Level 5.6 Spellcasting
 + Level 5.9 Conjurations
 + Level 2.0 Hexes


You had 6 spell levels left.
You knew the following spells:

 Your Spells              Type           Power        Failure   Level  Hunger
a - Magic Dart            Conj           ####         1%          1    None
b - Iskenderun's Mystic   Conj           ######..     1%          4    ###....
c - Fulminant Prism       Conj/Hex       #####.....   1%          4    ###....

Your spell library contained the following spells:

 Spells                   Type           Power        Failure   Level  Hunger
 Searing Ray              Conj           ######       1%          2    None
 Dazzling Spray           Conj/Hex       #####.       1%          3    #......
 Force Lance              Conj/Tloc      #####...     2%          4    ###....


Dungeon Overview and Level Annotations

Branches:
Dungeon (3/15)

Altars:
The Shining One


Message History

Aim: a slave (purple smoke, moderately wounded)
The magic dart hits the slave but does no damage.
The slave is moderately wounded.
The slave misses you.
Casting: Magic Dart (safe; 1% risk of failure)
Confirm with . or Enter, or press ? or * to list all spells.
You don't have enough magic to cast that spell.
Unknown command.
The slave hits you!
* * * LOW HITPOINT WARNING * * *
The slave closely misses you. The slave barely misses you.
It was a potion of brilliance.
You feel clever all of a sudden. The slave hits you!
* * * LOW HITPOINT WARNING * * *
It was a potion of might.
You feel very mighty all of a sudden. The slave hits you!
You die...

*,,,***,,****,,,,,,
#....##*+,,**,,,,,,
#...#.,,...##.,,**,
#$...#,,...#.,,,***
#....+,,_..',,,,,,,
#....*,,...,,,,,,,,
#...#*,,..,**,,,,,,
#...#***.#,,*,,,,,,
#.@p####.###...,***
#............p.**
#..............*
#.....#########*
#######


You could see a slave.

Vanquished Creatures
  A crimson imp (D:5)
  An orc priest (D:3)
  4 adders
  An ooze (D:3)
  A worm (D:3)
  3 dart slugs
  2 leopard geckos
  3 orcs (D:3)
  A ball python (D:1)
  6 bats
  5 giant cockroaches
  7 hobgoblins
  10 jackals
  3 kobolds
  A quokka (D:2)
  5 frilled lizards
  8 goblins
  A hobgoblin zombie (D:5)
  2 kobold skeletons (D:5)
  An orc zombie (D:5)
  6 rats
72 creatures vanquished.

Notes
Turn   | Place    | Note
-------+----------+-------------------------------------------
     0 | D:1      | Norian the Deep Elf Conjurer began the quest for the Orb.
     0 | D:1      | Reached XP level 1. HP: 10/10 MP: 6/6
   112 | D:1      | Reached XP level 2. HP: 15/15 MP: 1/8
   670 | D:1      | Reached skill level 5 in Conjurations
   670 | D:1      | Reached XP level 3. HP: 19/19 MP: 1/10
  1436 | D:2      | Reached XP level 4. HP: 24/24 MP: 4/12
  1445 | D:2      | Learned a level 4 spell: Iskenderun's Mystic Blast
  1451 | D:2      | Learned a level 4 spell: Fulminant Prism
  1839 | D:3      | Reached skill level 5 in Spellcasting
  2063 | D:3      | Reached skill level 1 in Hexes
  2063 | D:3      | Reached XP level 5. HP: 26/28 MP: 3/14
  2386 | D:3      | You fall into a shaft and drop 2 floors!
  2386 | D:5      | Entered Level 5 of the Dungeon
  2390 | D:5      | Found a glowing golden altar of the Shining One.
  2394 | D:5      | Noticed a slave
  2395 | D:5      | Noticed a slave
  2423 | D:5      | HP: 1/28 [slave[Pikel] (7)]
  2425 | D:5      | Mangled by a slave

Levels and vault maps discovered:
D:1:      dpeg_arrival_tiny_a, layout_basic, serial_forest,
          infiniplex_forest_side_room, infiniplex_forest_end_1,
          infiniplex_forest_clump_tiny, infiniplex_forest_pool,
          infiniplex_forest_straight_3, infiniplex_forest_zigzag_1,
          interstate_on_off, minmay_split_cup_large
D:2:      layout_basic
D:3:      wad_lake_hut, layout_basic, grunt_decor_mini_mirrors
D:5:      layout_gridville, fedhas_altar_2, nicolae_overflow_hidden_temple,
          nicolae_tso_besieged_by_evil, first_ration, serial_shops, shop,
          shop_scrolls, nicolae_shop_stone, gup_sewer_entry_glass, uniq_pikel

Skill      XL: |  1  2  3  4  5 |
---------------+----------------+-----
Spellcasting   | 4 5 |  5.6
Conjurations   | 5 |  5.9
Hexes          | 1 2 |  2.0
Dodging        | |  2.4
Stealth        | |  2.4

Action                   |  1- 3 |  4- 6 || total
-------------------------+-------+-------++-------
Melee: Unarmed           |    51 |     3 ||    54
 Cast: Magic Dart        |    83 |    81 ||   164
  Use: Scroll            |       |     6 ||     6
       Potion            |       |     2 ||     2
  Eat: Chunk             |     2 |     2 ||     4
Armor: Robe              |    12 |     5 ||    17
Dodge: Dodged            |    31 |    38 ||    69
